 Dungeon Crawl Stone Soup version 0.30-a0-568-g124715a40b (webtiles) character file.

Game seed: 3524619819783766347

31 drugrobin the Sneak (level 2, 0/25 HPs)
             Began as a Demigod Delver on Dec 28, 2022.
             Succumbed to an adder's poison
             ... on level 4 of the Dungeon.
             The game lasted 00:03:57 (591 turns).

drugrobin the Sneak (Demigod Delver)                 Turns: 591, Time: 00:03:57

Health: 0/25       AC:  3    Str: 13    XL:     2   Next: 90%
Magic:  4/4        EV: 11    Int: 12    God:
Gold:   58         SH:  0    Dex: 15    Spells: 1/1 levels left

rFire   . . .      SeeInvis .      - Unarmed
rCold   . . .      Faith    .    (no shield)
rNeg    . . .      Spirit   .    a - +0 leather armour
rPois   .          Reflect  .    (no helmet)
rElec   .          Harm     .    (no cloak)
rCorr   .          Rampage  .    (no gloves)
Will    .....                    (no boots)
Stlth   +++                      (no amulet)
HPRegen 0.24/turn                (no ring)
MPRegen 0.09/turn                (no ring)

@: lethally poisoned (0 -> -2), hasted, very quick
A: high MP 1, forlorn, divine attributes
a: no special abilities


You were on level 4 of the Dungeon.
You visited 1 branch of the dungeon, and saw 3 of its levels.

You collected 58 gold pieces.

Inventory:

Armour
 a - a +0 leather armour (worn)
 g - a +0 chain mail
Wands
 f - a wand of digging (3)
Scrolls
 b - a scroll of fog
 c - a scroll of magic mapping


   Skills:
 - Level 2.6 Fighting
 - Level 1.7 Dodging
 - Level 4.5 Stealth
 + Level 3.2 Unarmed Combat


You had one spell level left.
You didn't know any spells.
Your spell library was empty.

Dungeon Overview and Level Annotations

Branches:
Dungeon (5/15)
 Temple: D:4-7

Annotations:
D:4 Grinder
D:5 exclusion: orc priest


Innate Abilities, Weirdness & Mutations

You have an increased reservoir of magic. (+10% MP)
You shall have no god before yourself.
Your divine heritage dramatically boosts your attributes as you level up.


Message History

You barely miss the adder.
The adder is severely wounded.
You feel sick. The adder closely misses you.
You closely miss the adder.
The adder is severely wounded.
You feel sick. The adder misses you.
You barely miss the adder.
The adder is severely wounded.
You feel sick. The adder bites you.
* * * LOW HITPOINT WARNING * * *
You are lethally poisoned!
The adder poisons you! The adder closely misses you.
Unknown command.
Unknown command.
Okay, then.
Okay, then.
As you read the scroll of fear, it crumbles to dust.
You assume a fearsome visage.
The adder looks frightened!
* * * LOW HITPOINT WARNING * * *
You feel sick.
You feel yourself speed up.
* * * LOW HITPOINT WARNING * * *
You feel sick.
* * * LOW HITPOINT WARNING * * *
You feel sick.
There is a stone staircase leading down here.
Unknown command.
* * * LOW HITPOINT WARNING * * *
You feel sick.
You climb downwards.
Level annotation: Grinder
* * * LOW HITPOINT WARNING * * *
You feel sick.
Found 8 stones.
There is a stone staircase leading up here.
Unknown command.
Unknown command.
A hound comes into view.
Unknown command.
You die...

### .. . #.
..####.## #
.(.....@####...h
..#.............
#.###.<########
#..# ....#
#.###.# #. #.#
.. ..# # ###


There were no monsters in sight!

Vanquished Creatures
  An adder (D:4)
  An ufetubus (D:4)
  A ball python (D:3)
  An endoplasm (D:3)
  2 giant cockroaches
  A goblin (D:4)
  5 hobgoblins
  A jackal (D:4)
  A bat (D:3)
  A rat (D:3)
15 creatures vanquished.

Notes
Turn   | Place    | Note
-------+----------+-------------------------------------------
     0 | D:5      | drugrobin the Demigod Delver began the quest for the Orb.
     0 | D:5      | Reached XP level 1. HP: 18/18 MP: 3/3
     7 | D:5      | Noticed an orc priest
    11 | D:5      | Noticed a howler monkey
   168 | D:4      | Reached XP level 2. HP: 9/25 MP: 4/4
   177 | D:4      | Noticed Grinder
   214 | D:4      | Noticed a scorpion
   221 | D:5      | Noticed a water moccasin
   221 | D:5      | Noticed an ogre
   589 | D:4      | HP: 1/25 [poisoned by an adder]
   591 | D:4      | Succumbed to an adder's poison

Illustrated notes

Levels and vault maps discovered:
D:3:      layout_loops_ring, bloody_makhleb,
          nicolae_overflow_hallway_of_the_gods, nrook_campfire,
          grunt_ministairs_12, kennysheep_another_room
D:4:      layout_loops_ring, uniq_grinder
D:5:      layout_cave_pools, serial_shops, nicolae_shop_trees,
          chequers_serial_rivers_micro_e, nicolae_inconvenience_store,
          uniq_duvessa

Skill      XL: |  1  2 |
---------------+-------+-----
Unarmed Combat | 2 3 |  3.2
Fighting       | |  2.6
Dodging        | |  1.7
Stealth        | |  4.5

Action                   || total
-------------------------++-------
Melee: Unarmed           ||    94
       Punch             ||     2
  Use: Scroll            ||     1
       Potion            ||     1
 Stab: Sleeping          ||     4
Armor: Leather armour    ||    24
Dodge: Dodged            ||    56

Table legend: (Time is in decaauts)
 A = Elapsed time spent in this place.
 B = Non-inter-level travel time spent in this place.
 C = Inter-level travel time spent in this place.
 D = Time resting spent in this place.
 E = Time spent auto-exploring this place.
 F = Levels seen in this place.
 G = Mean time per level.
                   A        B        C        D        E       F      G
               +--------+--------+--------+--------+--------+-----+--------+
         Total |    584 |    562 |     22 |     27 |    133 |   3 |  194.7 |
       Dungeon |    584 |    562 |     22 |     27 |    133 |   3 |  194.7 |
               +--------+--------+--------+--------+--------+-----+--------+

Top non-repeatable levels by time:
     D:4: 288 daAuts
     D:3: 280 daAuts
     D:5: 15 daAuts
